 Dungeon Crawl Stone Soup version 0.27.1-15-g792fb953b9 (webtiles) character file.

Game seed: 5609869261194693366

151 zeram the Covert (level 5, 0/24 HPs)
             Began as a Spriggan Enchanter on Nov 19, 2021.
             Slain by a gnoll (2 damage)
             ... on level 3 of the Dungeon.
             The game lasted 00:06:28 (3149 turns).

zeram the Covert (Spriggan Enchanter)               Turns: 3149, Time: 00:06:29

Health: 0/24       AC:  2    Str:  4    XL:     5   Next: 11%
Magic:  3/10       EV: 17    Int: 17    God:
Gold:   113        SH:  0    Dex: 16    Spells: 4/10 levels left

rFire    . . .     SeeInvis +   l - +0 dagger (protect)
rCold    . . .     Faith    .   (shield restricted)
rNeg     . . .     Spirit   .   b - +0 robe
rPois    .         Reflect  .   (helmet restricted)
rElec    .         Harm     .   (no cloak)
rCorr    .         Rampage  .   (gloves unavailable)
Will     .....                  (boots unavailable)
Stlth    ++++......             (no amulet)
HPRegen  0.08/turn              (no ring)
MPRegen  0.12/turn              (no ring)

@: very quick
A: very small, no large weapons, unfitting armour, see invisible, speed 3
a: no special abilities


You were on level 3 of the Dungeon.
You visited 1 branch of the dungeon, and saw 3 of its levels.

You collected 113 gold pieces.

Inventory:

Hand Weapons
 a - a +1 dagger
 l - a +0 dagger of protection (weapon)
Armour
 b - a +0 robe (worn)
Wands
 j - a wand of paralysis (11)
Scrolls
 d - a scroll of magic mapping
 f - a scroll of enchant armour
 g - a scroll of teleportation
 h - a scroll of noise
 i - a scroll of fog
Potions
 e - a potion of haste
 k - a potion of heal wounds


   Skills:
 - Level 1.1 Short Blades
 - Level 2.6 Dodging
 + Level 8.3 Stealth
 - Level 3.0 Spellcasting
 + Level 3.9 Hexes
 - Level 1.0 Ice Magic


You had 4 spell levels left.
You knew the following spells:

 Your Spells              Type           Power      Damage    Failure   Level
a - Corona                Hex            16%        N/A       3%          1
b - Ensorcelled Hibernat  Hex/Ice        20%        N/A       10%         2
c - Tukima's Dance        Hex            15%        N/A       11%         3

Your spell library contained the following spells:

 Spells                   Type           Power      Damage    Failure   Level
 Confusing Touch          Hex            15%        N/A       11%         3
 Freeze                   Ice            20%        1d4       12%         1
 Dazzling Flash           Conj/Hex       18%        N/A       24%         3
 Frozen Ramparts          Ice            10%        1d3       34%         3
 Hailstorm                Conj/Ice       4%         3d4       80%         4


Dungeon Overview and Level Annotations

Branches:
Dungeon (3/15)

Altars:
Elyvilon

Shops:
D:2 (


Innate Abilities, Weirdness & Mutations

You are very small and have problems with some larger weapons.
You are too small for most types of armour.
You have supernaturally acute eyesight. (SInv)
You cover ground extremely quickly. (Speed+++)


Message History

There are monsters nearby!
There are monsters nearby!
Casting: Ensorcelled Hibernation (safe; 10% risk of failure)
Confirm with . or Enter, or press ? or * to list all spells.
Aiming: Ensorcelled Hibernation (safe; 10% risk of failure)
Press: ? - help, Shift-Dir - straight line, f - gnoll
Aim: a gnoll, wielding a +0 club (chance to affect: 50%)
The gnoll looks drowsy...
The helpless gnoll fails to defend itself.
You impale the gnoll!!
Your weapon exudes an aura of protection.
You kill the gnoll!
The gnoll hits you from afar with a +0 spear.
The gnoll hits you with a +0 spear. The gnoll barely misses you.
Casting: Ensorcelled Hibernation (safe; 10% risk of failure)
Confirm with . or Enter, or press ? or * to list all spells.
Aiming: Ensorcelled Hibernation (safe; 10% risk of failure)
Press: ? - help, Shift-Dir - straight line, f - gnoll
Aim: a gnoll, wielding a +0 spear (chance to affect: 50%)
The gnoll resists with some effort.
The gnoll hits you with a +0 spear.
The gnoll hits you from afar with a +0 spear.
* * * LOW HITPOINT WARNING * * *
Casting: Ensorcelled Hibernation (safe; 10% risk of failure)
Confirm with . or Enter, or press ? or * to list all spells.
Aiming: Ensorcelled Hibernation (safe; 10% risk of failure)
Press: ? - help, Shift-Dir - straight line, f/p - gnoll
Aim: a gnoll, wielding a +0 spear (chance to affect: 50%)
The gnoll resists with some effort.
The gnoll barely misses you. The gnoll closely misses you.
Casting: Ensorcelled Hibernation (safe; 10% risk of failure)
Confirm with . or Enter, or press ? or * to list all spells.
Aiming: Ensorcelled Hibernation (safe; 10% risk of failure)
Press: ? - help, Shift-Dir - straight line, f/p - gnoll
Aim: a gnoll, wielding a +0 spear (chance to affect: 50%)
The gnoll looks drowsy...
The gnoll hits you from afar with a +0 spear.
* * * LOW HITPOINT WARNING * * *
The gnoll shouts!
The gnoll hits you from afar with a +0 spear.
You die...

........#.#...#.####
.+.........
................####
.#........#
.......#..#........#
.#.....##.#
..#.#..#......#.#..###.#.....
#.#
..#.#..#.##.###........#####
### ..#.#.##.##.# ##...g...#
............####..g###)#
........###.#......# .#
....###.###.#.##@.## .#
..........#.#.##.## .#
###.###...#.#.##.# .# #.#
#.......##.. ## #.#
#.....####.# #.# #.###.####.#
#.# ### #......# #.# ######.#
###


You could see 2 gnolls.

Vanquished Creatures
  Natasha (thrice) (D:2)
  3 adders (D:2)
  A gnoll (D:3)
  2 worms
  A dart slug (D:3)
  An orc (D:3)
  4 ball pythons
  3 bats
  2 giant cockroaches (D:2)
  2 hobgoblins
  2 kobolds
  2 quokkas (D:1)
  3 frilled lizards
  2 goblins
  4 rats (D:2)
35 creatures vanquished.

Notes
Turn   | Place    | Note
-------+----------+-------------------------------------------
     0 | D:1      | zeram the Spriggan Enchanter began the quest for the Orb.
     0 | D:1      | Reached XP level 1. HP: 9/9 MP: 5/5
   432 | D:1      | Found a faded altar of an unknown god.
   480 | D:1      | Reached skill level 5 in Stealth
   894 | D:2      | Reached XP level 2. HP: 13/13 MP: 6/6
   912 | D:2      | Learned a level 2 spell: Ensorcelled Hibernation
  1732 | D:2      | Reached skill level 6 in Stealth
  1790 | D:2      | Reached XP level 3. HP: 16/16 MP: 2/8
  1794 | D:2      | Learned a level 3 spell: Tukima's Dance
  1853 | D:2      | Noticed Natasha
  1858 | D:2      | Killed Natasha
  1866 | D:2      | Reached skill level 7 in Stealth
  1866 | D:2      | Reached skill level 1 in Ice Magic
  1938 | D:2      | Reached XP level 4. HP: 21/21 MP: 9/9
  2224 | D:2      | Noticed Natasha
  2415 | D:2      | Found Hyin's Weapon Boutique.
  2676 | D:2      | Killed Natasha
  2755 | D:2      | Noticed Natasha
  2761 | D:2      | Killed Natasha
  2762 | D:2      | Reached skill level 8 in Stealth
  2826 | D:3      | Found a white marble altar of Elyvilon.
  2912 | D:3      | Reached XP level 5. HP: 24/24 MP: 3/10
  3149 | D:3      | Slain by a gnoll

Illustrated notes

Levels and vault maps discovered:
D:1:      amcnicky_arrival_blooded_trapdoor, layout_loops_corners,
          dreamdust_ecumenical_altar_hidden_monk_grotto
D:2:      layout_loops_cross, serial_shops,
          nicolae_shop_temple_entry_statues_fountains, uniq_natasha
D:3:      layout_basic, elyvilon_altar_4

Skill      XL: |  1  2  3  4 |
---------------+-------------+-----
Stealth        | 5 6 7 8 |  8.3
Ice Magic      | 1 |  1.0
Spellcasting   | 3 |  3.0
Short Blades   | |  1.1
Dodging        | |  2.6
Hexes          | |  3.9

Action                   |  1- 3 |  4- 6 || total
-------------------------+-------+-------++-------
Melee: Dagger            |    65 |    27 ||    92
 Cast: Ensorcelled Hiber |    16 |    17 ||    33
  Use: Scroll            |     4 |     3 ||     7
 Stab: Sleeping          |    13 |    11 ||    24
Armor: Robe              |     9 |       ||     9
Dodge: Dodged            |    52 |    18 ||    70
